 Dungeon Sprint DCSS version 0.31-a0-18-gea43df2a32 (webtiles) character file.

Game seed: 15581215793070513683

4142 sircluck the Imperceptible (level 10, -2/66 HPs)
             Began as a Kobold Brigand on May 9, 2023.
             Was the Champion of Dithmenos.
             Succumbed to a wolf spider's poison
             ... in the Dungeon (Sprint VII: "The Pits").
             The game lasted 00:06:12 (1174 turns).

sircluck the Imperceptible (Kobold Brigand)         Turns: 1174, Time: 00:06:13

Health: -2/66      AC:  3    Str: 12    XL:     10   Next: 52%
Magic:  10/10      EV: 23    Int: 15    God:    Dithmenos [******]
Gold:   0          SH:  0    Dex: 21    Spells: 9/9 levels left

rFire   . . .        r - +2 rapier (elec)
rCold   . . .        (no shield)
rNeg    . . .        b - +0 robe
rPois   .            (no helmet)
rElec   .            c - +0 cloak
rCorr   .            (no gloves)
SInv    .            (no boots)
Will    .....        (no amulet) Stlth *********+
                     k - +3 ring of strength
HPRegen 0.31/turn    s - +3 ring of intelligence
MPRegen 0.12/turn

%: no teleportation
@: lethally poisoned (-2 -> -21), wreathed by umbra
A: small, no large weapons, nightstalker 3
a: Renounce Religion, Shadow Step, Shadow Form


You were in the Dungeon.
You worshipped Dithmenos.
Dithmenos was exalted by your worship.
You visited 1 branch

Inventory:

Hand Weapons
 a - a +2 dagger
 r - a +2 rapier of electrocution (weapon)
Missiles
 d - 9 poisoned darts (quivered)
 e - 8 curare-tipped darts
 o - 10 stones
Armour
 b - a +0 robe (worn)
 c - a +0 cloak (worn)
 q - a +4 scale mail
Jewellery
 k - a +3 ring of strength (left hand)
 s - a +3 ring of intelligence (right hand)
Scrolls
 m - 5 scrolls of amnesia
Potions
 f - 8 potions of curing
 g - 5 potions of heal wounds
 h - a potion of haste
 i - 4 potions of magic
 j - a potion of berserk rage
 l - a potion of invisibility
 p - 4 potions of might


   Skills:
 + Level 9.3 Fighting
 + Level 13.0 Short Blades
 + Level 4.6 Throwing
 + Level 10.6 Dodging
 + Level 24.1 Stealth


You had 9 spell levels left.
You didn't know any spells.
Your spell library was empty.

Dungeon Overview and Level Annotations

Branches:
Dungeon (1/1)

Altars:
Ashenzari
Cheibriados
Dithmenos
Elyvilon
Fedhas
Gozag
Hepliaklqana
Kikubaaqudgha
Makhleb
Nemelex Xobeh
Okawaru
Qazlal
Ru
Sif Muna
Trog
Uskayaw
Vehumet
Wu Jian
Xom
Yredelemnul
Zin
The Shining One
Jiyva
Lugonu


Innate Abilities, Weirdness & Mutations

You are small and have problems with some larger weapons.
You are completely attuned to the shadows.


Message History

Your butterfly disappears in a burst of colours!
There is an open door, spattered with blood here.
Things that are here:
a +0 rapier; a +0 robe; a spriggan corpse You swap places.
Your butterfly disappears in a burst of colours!
You close the door, pushing everything out of the way.
Your butterfly disappears in a burst of colours!
Something unseen breaks down the door.
The steam dragon breathes steam at you. The ball of steam misses you.
A cane toad comes into view.
You are engulfed in a cloud of scalding steam.
Unknown command.
A wolf spider comes into view.
A hound and 2 orcs come into view.
The hound barks!
The wolf spider's many legs skitter.
You hear a howl!
You hear a shout!
The orc shouts!
You hear a shout!
The orc shouts!
You open the door.
A wolf comes into view.
The cane toad closely misses you. The wolf spider closely misses you.
The wolf spider bites you! The cane toad completely misses you.
The wolf spider attacks as you move away!
The wolf spider completely misses you. The wolf spider bites you.
The cane toad completely misses you. The wolf spider hits you!
* * * LOW HITPOINT WARNING * * *
You emit a cloud of dark smoke.
The wolf spider bites you!
* * * LOW HITPOINT WARNING * * *
You are lethally poisoned!
The wolf spider poisons you!
There is an open door, spattered with blood here.
You feel much better.
You feel very sick. The wolf spider hits you.
The wolf spider closely misses you. The cane toad barely misses you.
The steam dragon breathes steam at you. The ball of steam hits you!
* * * LOW HITPOINT WARNING * * *
You emit a cloud of dark smoke.
You die...

....##..##).............#.†##b#.#
<...##..####†))#'######...##bbm.m
....##..#..#####.## ##b##§#§#b#
....##..#....##...# #.b.#§.§b§.
....##..'.....#...# #.§.#..§g§C
######..'.....'...+ +.§.gg§§b..
######..'....†#.§.#


#.be#§b.bmm ..[[##..#....##§§§# #.m)#.§bl§B .[..##..#..#####@## ##'##@#.#.#
..).##..####...#§######§m§##ibD ..))##..# ..oFsD...§D.#§§# !.))##..#
...oh.....§###§.# ######### ############ ### You could see a wolf spider, a cane
toad and a steam dragon (catching breath).

Vanquished Creatures
  Sonja (D)
  A lindwurm (D)
  A cyclops (D)
  A guardian mummy (D)
  A freezing wraith (D)
  2 polar bears (D)
  A tyrant leech (D)
  A snapping turtle (D)
  A flying skull (D)
  A shadow (D)
  A spriggan (D)
  A wyvern (D)
  A floating eye (D)
  An orc warrior (D)
  A black bear (D)
  2 centaurs (D)
  2 gnoll sergeants (D)
  A bullfrog (D)
  A necrophage (D)
  A scorpion (D)
  An iron imp (D)
  An iguana (D)
  3 orc wizards (D)
  5 gnolls (D)
  2 river rats (D)
  2 white imps (D)
  5 orcs (D)
  A bat zombie (D)
  An endoplasm (D)
  4 giant cockroaches (D)
  A hobgoblin (D)
  4 jackals (D)
  A ball python zombie (D)
  2 frilled lizards (D)
56 creatures vanquished.

Vanquished Creatures (others)
  Jessica (D)
1 creature vanquished.

Grand Total: 57 creatures vanquished

Notes
Turn   | Place    | Note
-------+----------+-------------------------------------------
     0 | D        | sircluck the Kobold Brigand began the quest for the Orb.
     0 | D        | Reached XP level 1. HP: 12/12 MP: 1/1
    15 | D        | Reached skill level 6 in Stealth
    53 | D        | Found a bloodstained altar of Trog.
    53 | D        | Found a shimmering blue altar of Sif Muna.
    53 | D        | Found a viscous altar of Jiyva.
    53 | D        | Found a hazy altar of Hepliaklqana.
    53 | D        | Found an opulent altar of Gozag.
    54 | D        | Found a glowing golden altar of the Shining One.
    54 | D        | Found a glowing silver altar of Zin.
    54 | D        | Found a sacrificial altar of Ru.
    54 | D        | Found a stormy altar of Qazlal.
    54 | D        | Found a blossoming altar of Fedhas.
    58 | D        | Found a white marble altar of Elyvilon.
    58 | D        | Found an iron altar of Okawaru.
    58 | D        | Found a basalt altar of Yredelemnul.
    59 | D        | Found a shadowy altar of Dithmenos.
    59 | D        | Found a sparkling altar of Nemelex Xobeh.
    59 | D        | Found a shimmering altar of Xom.
    60 | D        | Found a snail-covered altar of Cheibriados.
    60 | D        | Found a burning altar of Makhleb.
    60 | D        | Found an ornate altar of the Wu Jian Council.
    61 | D        | Found a corrupted altar of Lugonu.
    61 | D        | Found a radiant altar of Vehumet.
    62 | D        | Found a broken altar of Ashenzari.
    62 | D        | Found an ancient bone altar of Kikubaaqudgha.
    62 | D        | Found a hide-covered altar of Uskayaw.
    68 | D        | Became a worshipper of Dithmenos the Shadowed
    93 | D        | Reached * piety under Dithmenos
    96 | D        | Reached skill level 7 in Stealth
    96 | D        | Reached XP level 2. HP: 18/18 MP: 2/2
   101 | D        | Reached ** piety under Dithmenos
   111 | D        | Noticed a gnoll sergeant
   113 | D        | Reached skill level 8 in Stealth
   113 | D        | Reached XP level 3. HP: 23/23 MP: 3/3
   114 | D        | Reached skill level 9 in Stealth
   115 | D        | Reached *** piety under Dithmenos
   117 | D        | Killed a gnoll sergeant
   118 | D        | Reached skill level 11 in Stealth
   118 | D        | Reached XP level 4. HP: 29/29 MP: 4/4
   118 | D        | Reached XP level 5. HP: 33/33 MP: 5/5
   119 | D        | Reached skill level 5 in Short Blades
   119 | D        | Reached skill level 12 in Stealth
   141 | D        | Reached **** piety under Dithmenos
   176 | D        | Noticed an orc warrior
   177 | D        | Noticed a black bear
   178 | D        | Killed a black bear
   179 | D        | Reached skill level 14 in Stealth
   179 | D        | Reached XP level 6. HP: 39/39 MP: 6/6
   190 | D        | Reached ***** piety under Dithmenos
   202 | D        | Killed an orc warrior
   203 | D        | Reached skill level 16 in Stealth
   206 | D        | Reached skill level 5 in Fighting
   313 | D        | Noticed a polar bear
   325 | D        | Killed a polar bear
   326 | D        | Reached skill level 17 in Stealth
   326 | D        | Reached XP level 7. HP: 45/45 MP: 7/7
   380 | D        | Reached ****** piety under Dithmenos
   381 | D        | Reached skill level 18 in Stealth
   483 | D        | Noticed a cyclops
   486 | D        | Noticed a lindwurm
   498 | D        | Reached XP level 8. HP: 52/52 MP: 8/8
   528 | D        | Killed a lindwurm
   529 | D        | Reached skill level 10 in Short Blades
   529 | D        | Reached skill level 19 in Stealth
   795 | D        | Killed a cyclops
   796 | D        | Reached skill level 20 in Stealth
   796 | D        | Reached XP level 9. HP: 55/57 MP: 9/9
   974 | D        | Noticed an iron troll
   974 | D        | Noticed a red draconian
   974 | D        | Noticed a spriggan berserker
   974 | D        | Noticed a titan
  1044 | D        | Noticed a guardian mummy
  1044 | D        | Noticed a snapping turtle
  1048 | D        | Killed a snapping turtle
  1051 | D        | Reached skill level 21 in Stealth
  1052 | D        | Killed a guardian mummy
  1070 | D        | Noticed Sonja
  1071 | D        | Killed Sonja
  1072 | D        | Reached skill level 22 in Stealth
  1074 | D        | Noticed a freezing wraith
  1076 | D        | Reached XP level 10. HP: 65/65 MP: 10/10
  1082 | D        | Killed a freezing wraith
  1083 | D        | Reached skill level 10 in Dodging
  1102 | D        | Reached skill level 23 in Stealth
  1128 | D        | Noticed Jessica
  1129 | D        | Noticed a deep troll
  1129 | D        | Noticed a deep elf pyromancer
  1133 | D        | Noticed an ice devil
  1133 | D        | Noticed a merfolk javelineer
  1133 | D        | Noticed a frost giant
  1133 | D        | Noticed a boulder beetle
  1140 | D        | Killed Jessica
  1155 | D        | Reached skill level 24 in Stealth
  1168 | D        | Noticed a cane toad
  1169 | D        | Noticed a wolf spider
  1173 | D        | HP: 3/66 [steam dragon/ball of steam (17)]
  1174 | D        | Succumbed to a wolf spider's poison

Illustrated notes

Levels and vault maps discovered:
D:        pitsprint [storerooms_1, entrance_room_1, metal_vault_1, armoury_3,
          mini_pit_1, grid_room_1, main_hall_1, silver_pit, the_coven_1,
          the_vestibule_1, steel_vault_2, golden_pit, hallway_of_sentries,
          crystal_vault_1, iron_vault_5, final_vault]

Skill      XL: |  1  2  3  4  5  6  7  8  9 10 |
---------------+-------------------------------+-----
Stealth        | 7 8 11 14 17 18 20 22 24 | 24.1
Fighting       | 3 4 5 6 7 8 9 |  9.3
Short Blades   | 3 4 6 8 9 10 12 13 | 13.0
Throwing       | 3 4 |  4.6
Dodging        | 4 7 9 10 | 10.6

Action                     |  1- 3 |  4- 6 |  7- 9 | 10-12 || total
---------------------------+-------+-------+-------+-------++-------
  Melee: Dagger            |    21 |    71 |    37 |       ||   129
         Punch             |       |     1 |     1 |     1 ||     3
         Rapier            |       |       |     6 |    22 ||    28
  Throw: Dart              |       |       |     3 |       ||     3
    Use: Potion            |       |     5 |     2 |     2 ||     9
         Scroll            |       |       |     1 |     1 ||     2
   Stab: Sleeping          |    10 |     6 |     8 |    11 ||    35
         Distracted        |       |       |     1 |       ||     1
         Invisible         |       |       |     1 |       ||     1
 Armour: Robe              |     5 |    16 |     1 |       ||    22
  Dodge: Dodged            |    11 |    58 |    24 |    26 ||   119

Table legend: (Time is in decaauts)
 A = Elapsed time spent in this place.
 B = Non-inter-level travel time spent in this place.
 C = Inter-level travel time spent in this place.
 D = Time resting spent in this place.
 E = Time spent auto-exploring this place.
 F = Levels seen in this place.
 G = Mean time per level.
                   A        B        C        D        E       F      G
               +--------+--------+--------+--------+--------+-----+--------+
         Total |   1138 |   1103 |     35 |    322 |    355 |   1 | 1138.0 |
       Dungeon |   1138 |   1103 |     35 |    322 |    355 |   1 | 1138.0 |
               +--------+--------+--------+--------+--------+-----+--------+

Top non-repeatable levels by time:
       D: 1138 daAuts
